 Dungeon Crawl Stone Soup version 0.31.0-1-g2c135a008e (webtiles) character file.

Game seed: 1062722240606383585

41371 qw the Skirmisher (level 14, 0/103 HPs)
             Began as a Djinni Hunter on Jan 24, 2024.
             Was a High Priest of Okawaru.
             Killed by the air
             ... invoked by a wind drake
              (11 damage)
             ... on level 5 of the Lair of Beasts.
             The game lasted 00:01:46 (16704 turns).

qw the Skirmisher (Djinni Hunter)                  Turns: 16704, Time: 00:01:46

Health: 0/103      AC: 12    Str: 10    XL:     14   Next: 49%
Gold:   735        EV: 28    Int: 16    God:    Okawaru [*****.] SH:  0 Dex: 25

rFire   + + +        y - +1 arbalest (flame)
rCold   . . .        (shield currently unavailable)
rNeg    . . .        g - +0 steam dragon scales
rPois   inf          t - +2 hat
rElec   .            r - scarf {rC+ rF+}
rCorr   .            f - +2 pair of gloves
SInv    +            (boots unavailable)
Will    .....        s - amulet of faith
Stlth   ++++         e - ring of see invisible
HPRegen 0.37/turn    a - ring of Cezom {rF+ Will- Int+4 Dex+4}
MPRegen 0.00/turn

%: faith, infuse magic (-1 HP)
@: heroic, finesse-ful, flying
A: sickness immunity, fire resistance 2, cold vulnerability 1, float, innate
caster, HP casting, extra vitality 1
a: Renounce Religion, Heroism, Finesse, Duel


You were on level 5 of the Lair of Beasts.
You worshipped Okawaru.
Okawaru was extremely pleased with you.
You visited 3 branches of the dungeon, and saw 17 of its levels.

You collected 1059 gold pieces.
You spent 324 gold pieces at shops.


Innate Abilities, Weirdness & Mutations

You are immune to sickness and miasma.
You are immune to poison.
Your flesh is very heat resistant. (rF++)
You are vulnerable to cold. (rC-)
You float through the air rather than walking.
You learn spells naturally, not from books.
Your magical power is your life essence.
You have superior vitality. (+4 MHP)


   Skills:
 + Level 10.4(15.4) Fighting
 - Level 14.0(19.0) Ranged Weapons
 - Level 4.0(9.0) Armour
 - Level 12.0(17.0) Dodging
 - Level 0.7(5.7) Stealth
 - Level 10.0 Invocations


You knew the following spells:

 Your Spells              Type           Power      Damage    Failure   Level
a - Foxfire               Conj/Fire      0%         2x1d4     26%         1
b - Lesser Beckoning      Tloc           0%         N/A       36%         2
c - Vampiric Draining     Necr           0%         2d6       58%         3
d - Summon Ice Beast      Ice/Summ       0%         N/A       58%         3
e - Arcjolt               Conj/Air       0%         1d10      100%        5
f - Borgnjor's Vile Clut  Necr/Erth      0%         N/A       100%        5
Your spell library was empty.

Inventory:

Hand Weapons
 y - a +1 arbalest of flaming (weapon)
Armour
 f - a +2 pair of gloves (worn)
 g - +0 steam dragon scales (worn)
 p - a +1 cloak
 q - a +2 robe of cold resistance
 r - a scarf of resistance (worn)
 t - a +2 hat (worn)
Jewellery
 a - the ring of Cezom (right hand) {rF+ Will- Int+4 Dex+4}
   (You found it on level 3 of the Dungeon)

   [ring of protection from fire]

   Int+4:     It affects your intelligence (+4).
   Dex+4:     It affects your dexterity (+4).
   rF+:       It protects you from fire.
   Will-:     It decreases your willpower.
 d - a +6 ring of strength
 e - a ring of see invisible (left hand)
 s - an amulet of faith (around neck)
 x - the amulet of Elemental Vulnerability {rPois rF-- rC-- AC+8}
   (You found it on level 9 of the Dungeon)

   [amulet of nothing]

   AC+8:      It affects your AC (+8).
   rF--:      It makes you very vulnerable to fire.
   rC--:      It makes you very vulnerable to cold.
   rPois:     It protects you from poison
 Y - a ring of protection from cold
Wands
 c - a wand of roots (28)
 n - a wand of acid (6)
Potions
 h - a potion of might
 i - 4 potions of enlightenment
 j - a potion of resistance
 k - 8 potions of curing
 m - a potion of mutation
 o - 4 potions of haste
 u - a potion of brilliance {unknown}

Dungeon Overview and Level Annotations

Branches:
Dungeon (11/15)            Temple (1/1) D:6            Lair (5/5) D:11
 Shoals (0/4) Lair:3       Spider (0/4) Lair:2          Orc (0/2) D:10
  Slime: Lair:4-5

Altars:
Ashenzari
Cheibriados
Dithmenos
Elyvilon
Fedhas
Gozag
Hepliaklqana
Makhleb
Nemelex Xobeh
Okawaru
Qazlal
Ru
Trog
Uskayaw
Wu Jian
Xom
Yredelemnul
Zin
The Shining One

Shops:
D:6 (   D:7 !

Annotations:
D:5 Edmund


Message History

Snorg claws you! Snorg completely misses you.
You shoot a bolt. The bolt barely misses Snorg.
You shoot a bolt. The bolt closely misses Snorg.
Snorg misses you. Snorg barely misses you. Snorg claws you.
You shoot a bolt. The bolt hits Snorg!!
The bolt burns Snorg.
Snorg is lightly wounded.
Snorg completely misses you. Snorg barely misses you. Snorg misses you.
You shoot a bolt. The bolt barely misses Snorg.
The wind drake flaps its wings at you. The air twists around and strikes you.
Snorg completely misses you. x2
Snorg misses you.
You shoot a bolt. The bolt hits Snorg!!
The bolt burns Snorg!
Snorg is heavily wounded.
You shoot a bolt. The bolt hits Snorg!!
The bolt burns Snorg.
Snorg is severely wounded.
Snorg completely misses you. Snorg claws you. Snorg completely misses you.
You shoot a bolt. The bolt hits Snorg!!
The bolt burns Snorg!
You kill Snorg!
Okawaru accepts your kill.
You shoot a bolt. The bolt barely misses the wind drake.
You shoot a bolt. The bolt closely misses the wind drake.
The wind drake barely misses you.
You shoot a bolt. The bolt closely misses the wind drake.
You shoot a bolt. The bolt misses the wind drake.
The wind drake flaps its wings at you. The air twists around and strikes you.
You shoot a bolt. The bolt closely misses the wind drake.
The wind drake exhales a fierce blast of wind!
You are knocked back by the gust of wind.
You slam into the rock wall!
You shoot a bolt. The bolt barely misses the wind drake.
You shoot a bolt. The bolt hits the wind drake!
The bolt burns the wind drake.
The wind drake is heavily wounded.
The wind drake misses you.
You shoot a bolt. The bolt hits the wind drake.
The bolt burns the wind drake.
The wind drake is severely wounded.
You shoot a bolt. The bolt barely misses the wind drake.
The wind drake flaps its wings at you. The air twists around and strikes you!
You die...

.................................
.................................
.................................
.................................
.................................
.................................
.................F...............
#..##...#...P##k...............
##### #...#...##@#.....P..P..#...
P.P####..###.P.#.#......#.######.
....#P...##...........###..#PP.##
.........#.......#....###........
.[..P#....##.....##....#.........
.....#...##.....###...........#..
......#..###.....##...###%#...#..
##P.###...##...#.##...####.#.##..
##..##....#............#.###+..#.


You could see a wind drake (repels missiles, catching breath) and a blink frog.

Vanquished Creatures
  A dire elephant (Lair:5)
  Snorg (Lair:5)
  Fannar (D:11)
  4 hydras
  A catoblepas (Lair:1)
  A two-headed ogre (D:9)
  2 boulder beetles (D:11)
  Urug (Lair:1)
  A fire crab (Lair:2)
  A skyshark (Lair:2)
  Maurice (D:7)
  An ugly thing (D:11)
  13 elephants
  2 black mambas (Lair:2)
  2 manticores
  A torpor snail (Lair:2)
  22 cane toads
  2 rime drakes
  13 komodo dragons
  A troll (D:11)
  2 polar bears
  Grinder (D:5)
  12 blink frogs
  2 hornets (Lair:5)
  A snapping turtle (Lair:5)
  A shadow (D:10)
  2 wraiths (D:10)
  Sigmund (D:6)
  5 humans (D:8)
  16 yaks
  4 basilisks
  5 wyverns
  2 steam dragons
  2 vampire mosquitoes (D:11)
  Menkaure (D:6)
  2 acid dragons
  16 water moccasins
  A sky beast (D:7)
  4 ice beasts
  7 orc warriors
  4 black bears
  9 centaurs
  11 bullfrogs
  2 kobold brigands
  6 scorpions
  5 wights (D:6)
  18 killer bees
  A howler monkey (D:7)
  2 electric eels (D:10)
  2 bombardier beetles (D:4)
  A hound (D:5)
  A jelly (D:7)
  11 orc priests
  8 orc wizards
  4 gnolls (D:5)
  5 adders
  A white imp (D:7)
  5 ribbon worms
  A dart slug (D:1)
  34 orcs
  4 ball pythons
  8 endoplasms
  A giant cockroach (D:4)
  8 goblins
  13 hobgoblins
  4 jackals (D:1)
  4 quokkas
  A ball python zombie (D:3)
  7 bats
  4 frilled lizards
  14 kobolds
  A quokka zombie (D:3)
  5 rats
364 creatures vanquished.

Vanquished Creatures (others)
  An orc (D:10)
1 creature vanquished.

Grand Total: 365 creatures vanquished

Notes
Turn   | Place    | Note
-------+----------+-------------------------------------------
     0 | D:1      | qw the Djinni Hunter began the quest for the Orb.
     0 | D:1      | Reached XP level 1. HP: 18/18 MP: 0/0
     0 | D:1      | 0 ||| qw: Version: 0.3-a-136-gdd3b4e8
     0 | D:1      | 0 ||| qw: Game counter: 1270
     0 | D:1      | 0 ||| qw: Melee chars always use a shield: true
     0 | D:1      | 0 ||| qw: God list: Okawaru
     0 | D:1      | 0 ||| qw: Allow faded altars: false
     0 | D:1      | 0 ||| qw: Do Orc after clearing Dungeon:15 true
     0 | D:1      | 0 ||| qw: Do second Lair branch before Depths: true
     0 | D:1      | 0 ||| qw: Lair rune preference: random
     0 | D:1      | 0 ||| qw: Goals: Normal
     0 | D:1      | 0 ||| PLANNING D:1-11
   163 | D:1      | Reached XP level 2. HP: 23/23 MP: 0/0
   174 | D:1      | You are sucked into a shaft and drop 1 floor!
   284 | D:2      | 284 ||| UPGRADING to +0 pair of gloves.
   289 | D:2      | 289 ||| READING scroll labelled LILUEZ VIEJU.
   290 | D:2      | 290 ||| READING scroll labelled QUJAEGR ZELU.
   291 | D:2      | 291 ||| DROPPING scroll of butterflies.
   301 | D:1      | 301 ||| RETREEEEATING.
   302 | D:1      | 302 ||| RETREEEEATING.
   303 | D:1      | 303 ||| RETREEEEATING.
   304 | D:1      | 304 ||| RETREEEEATING.
   305 | D:1      | 305 ||| RETREEEEATING.
   306 | D:1      | 306 ||| RETREEEEATING.
   320 | D:1      | Reached skill level 4 in Ranged Weapons
   320 | D:1      | Reached XP level 3. HP: 26/28 MP: 0/0
   320 | D:1      | Learned a level 1 spell: Foxfire
  1026 | D:1      | 1026 ||| READING scroll labelled ITTEZONIDD.
  1026 | D:1      | 1026 ||| ENCHANTING +0 pair of gloves.
  1027 | D:1      | 1027 ||| READING scroll labelled VAENOGU HUFYRO.
  1027 | D:1      | 1027 ||| IDENTIFYING glowing brown potion
  1028 | D:1      | 1028 ||| READING scroll labelled ELIUBB SOLUN.
  1129 | D:1      | 1129 ||| DROPPING potion of degeneration.
  1164 | D:2      | Reached XP level 4. HP: 31/34 MP: 0/0
  1283 | D:2      | Reached skill level 3 in Fighting
  1801 | D:2      | 1801 ||| UPGRADING to +0 cloak.
  1806 | D:2      | 1806 ||| UPGRADING to +0 ring mail.
  1816 | D:2      | 1816 ||| DROPPING +0 leather armour.
  1817 | D:2      | 1817 ||| READING scroll of identify.
  1817 | D:2      | 1817 ||| IDENTIFYING black potion
  1818 | D:2      | 1818 ||| READING scroll labelled VEAVVU FUMI.
  1821 | D:2      | 1821 ||| READING scroll labelled FOUR XIRITHEIN.
  1821 | D:2      | 1821 ||| BRANDING +0 shortbow.
  1835 | D:3      | 1835 ||| STAIRDANCE
  1880 | D:3      | Identified the ring of Cezom {rF+ Will- Int+4 Dex+4}
  1905 | D:3      | Reached skill level 1 in Armour
  1958 | D:3      | Found a hazy altar of Hepliaklqana.
  2035 | D:3      | Reached XP level 5. HP: 40/40 MP: 0/0
  2035 | D:3      | Learned a level 2 spell: Lesser Beckoning
  2041 | D:3      | Found a hide-covered altar of Uskayaw.
  2161 | D:3      | Found a basalt altar of Yredelemnul.
  2271 | D:3      | Found a faded altar of an unknown god.
  2317 | D:3      | 2317 ||| UPGRADING to ring of Cezom {rF+ Will- Int+4
                  | Dex+4}.
  2318 | D:3      | 2318 ||| READING 2 scrolls of identify.
  2318 | D:3      | 2318 ||| IDENTIFYING viscous orange potion
  2319 | D:3      | 2319 ||| READING scroll of identify.
  2319 | D:3      | 2319 ||| IDENTIFYING 2 lumpy dark potions
  2320 | D:3      | 2320 ||| READING scroll labelled QANISI HUHO.
  2320 | D:3      | 2320 ||| ENCHANTING +0 shortbow of flaming.
  2321 | D:3      | 2321 ||| READING scroll labelled HUEB WIM FAISM.
  2350 | D:4      | 2350 ||| READING scroll of enchant armour.
  2350 | D:4      | 2350 ||| ENCHANTING +1 pair of gloves.
  2374 | D:4      | Reached skill level 3 in Dodging
  2448 | D:4      | Found a sacrificial altar of Ru.
  2532 | D:4      | Found a shimmering altar of Xom.
  2706 | D:4      | Reached XP level 6. HP: 44/46 MP: 0/0
  2737 | D:4      | Reached skill level 5 in Ranged Weapons
  2852 | D:4      | Found a blossoming altar of Fedhas.
  2872 | D:4      | 2872 ||| READING 2 scrolls of identify.
  2872 | D:4      | 2872 ||| IDENTIFYING lumpy coppery potion
  2873 | D:4      | 2873 ||| READING scroll of identify.
  2873 | D:4      | 2873 ||| IDENTIFYING scroll labelled XEJOOD ZYEDD
  2874 | D:4      | 2874 ||| DROPPING scroll of vulnerability.
  2881 | D:5      | Entered Level 5 of the Dungeon
  3120 | D:5      | Reached XP level 7. HP: 52/52 MP: 0/0
  3120 | D:5      | Learned a level 3 spell: Vampiric Draining
  3360 | D:5      | Identified the +1 flail of Doors {holy, rF+ Int+3}
  3419 | D:5      | Reached skill level 6 in Ranged Weapons
  3505 | D:5      | Noticed Edmund
  3510 | D:5      | 3510 ||| RETREEEEATING.
  3512 | D:5      | HP: 13/52 [black bear (3)]
  3513 | D:5      | 3513 ||| READING 4 scrolls of teleportation.
  3515 | D:5      | HP: 3/52 [Edmund/+2 heavy flail (11)]
  3516 | D:5      | 3516 ||| DRINKING potion of heal wounds.
  3627 | D:5      | 3627 ||| READING scroll of enchant weapon.
  3627 | D:5      | 3627 ||| ENCHANTING +1 shortbow of flaming.
  3690 | D:5      | Noticed Grinder
  3695 | D:5      | Paralysed by Grinder for 4 turns
  3702 | D:5      | Killed Grinder
  3703 | D:5      | Reached XP level 8. HP: 53/58 MP: 0/0
  3905 | D:6      | Noticed Sigmund
  3907 | D:6      | 3907 ||| ZAPPING wand of acid (6) at -5,-5 (Sigmund;
                  | floor).
  3908 | D:6      | 3908 ||| ZAPPING wand of acid (5) at -4,-4 (Sigmund;
                  | floor).
  3908 | D:6      | Killed Sigmund
  3912 | D:6      | Reached skill level 7 in Ranged Weapons
  3917 | D:6      | 3917 ||| ZAPPING wand of acid (4) at -1,-1 (black bear;
                  | floor).
  3941 | D:6      | Reached XP level 9. HP: 58/65 MP: 0/0
  3941 | D:6      | Learned a level 3 spell: Summon Ice Beast
  4022 | D:6      | Found Hirapabb's Weapon Shop.
  4069 | D:6      | 4069 ||| DRINKING 7 potions of curing.
  4069 | D:6      | 4069 ||| (to cure confusion)
  4072 | D:6      | 4072 ||| DRINKING 6 potions of curing.
  4072 | D:6      | 4072 ||| (to cure confusion)
  4072 | D:6      | Noticed Menkaure
  4076 | D:6      | 4076 ||| DRINKING 5 potions of curing.
  4076 | D:6      | 4076 ||| (to cure confusion)
  4088 | D:6      | 4088 ||| FLEEEEING.
  4089 | D:6      | 4089 ||| FLEEEEING.
  4090 | D:6      | 4090 ||| FLEEEEING.
  4238 | D:6      | Found a broken altar of Ashenzari.
  4247 | D:6      | Killed Menkaure
  4336 | D:6      | Reached skill level 8 in Ranged Weapons
  4409 | D:6      | Found a staircase to the Ecumenical Temple.
  4410 | D:6      | 4410 ||| PLANNING TEMPLE
  4410 | D:6      | 4410 ||| UPGRADING to +2 robe of cold resistance.
  4420 | D:6      | 4420 ||| DROPPING +0 ring mail.
  4421 | D:6      | 4421 ||| READING scroll labelled QOCINU QAZXEFU.
  4431 | Temple   | Entered the Ecumenical Temple
  4432 | Temple   | 4432 ||| PLANNING OKAWARU WORSHIP
  4447 | Temple   | Became a worshipper of Warmaster Okawaru
  4448 | Temple   | 4448 ||| PLANNING D:1-11
  4608 | D:7      | Noticed Maurice
  4609 | D:7      | 4609 ||| ZAPPING wand of acid (11) at -3,-1 (Maurice;
                  | floor).
  4610 | D:7      | 4610 ||| ZAPPING wand of acid (10) at -2,-1 (Maurice;
                  | floor).
  4613 | D:7      | Something stole 318 gold
  4616 | D:7      | Killed Maurice
  4616 | D:7      | Reached * piety under Okawaru
  4661 | D:7      | Found Morghetu's Distillery.
  4670 | D:7      | 4670 ||| BUYING potion of curing (36 gold).
  4670 | D:7      | Bought a potion of curing for 36 gold pieces
  4670 | D:7      | 4670 ||| BUYING potion of curing (36 gold).
  4670 | D:7      | Bought a potion of curing for 36 gold pieces
  4670 | D:7      | 4670 ||| BUYING potion of curing (36 gold).
  4670 | D:7      | Bought a potion of curing for 36 gold pieces
  4670 | D:7      | 4670 ||| BUYING potion of curing (36 gold).
  4670 | D:7      | Bought a potion of curing for 36 gold pieces
  4670 | D:7      | 4670 ||| BUYING potion of enlightenment (60 gold).
  4670 | D:7      | Bought a potion of enlightenment for 60 gold pieces
  4670 | D:7      | 4670 ||| BUYING potion of haste (120 gold).
  4670 | D:7      | Bought a potion of haste for 120 gold pieces
  4670 | D:7      | 4670 ||| SHOPLISTING potion of heal wounds (60 gold, have
                  | 3).
  4670 | D:7      | 4670 ||| SHOPLISTING potion of mutation (96 gold, have 3).
  4689 | D:7      | Found a white marble altar of Elyvilon.
  4758 | D:7      | 4758 ||| INVOKING Heroism.
  4762 | D:7      | Reached skill level 1 in Invocations
  4806 | D:7      | Identified the maw talisman of Fylu {rC+}
  4965 | D:7      | 4965 ||| INVOKING Heroism.
  4969 | D:7      | Reached skill level 6 in Fighting
  4969 | D:7      | Reached XP level 10. HP: 71/72 MP: 0/0
  5036 | D:7      | 5036 ||| READING scroll of enchant weapon.
  5036 | D:7      | 5036 ||| ENCHANTING +2 shortbow of flaming.
  5090 | D:7      | Found a glowing silver altar of Zin.
  5334 | D:7      | 5334 ||| UPGRADING to +1 cloak.
  5344 | D:7      | 5344 ||| DROPPING +0 cloak.
  5345 | D:7      | 5345 ||| UPGRADING to amulet of faith.
  5350 | D:7      | 5350 ||| UPGRADING to +6 ring of strength.
  5351 | D:7      | 5351 ||| READING scroll of identify.
  5351 | D:7      | 5351 ||| IDENTIFYING metallic white potion
  5352 | D:7      | 5352 ||| DRINKING 2 coppery potions.
  5456 | D:7      | 5456 ||| DROPPING potion of invisibility.
  5457 | D:7      | 5457 ||| DROPPING potion of berserk rage.
  5482 | D:8      | Reached skill level 3 in Invocations
  5485 | D:8      | 5485 ||| FLEEEEING.
  5488 | D:8      | 5488 ||| FLEEEEING.
  5489 | D:8      | 5489 ||| FLEEEEING.
  5490 | D:8      | 5490 ||| FLEEEEING.
  5491 | D:8      | 5491 ||| FLEEEEING.
  5492 | D:8      | 5492 ||| FLEEEEING.
  5493 | D:8      | 5493 ||| FLEEEEING.
  5494 | D:8      | 5494 ||| FLEEEEING.
  5495 | D:8      | 5495 ||| STAIRDANCE
  5519 | D:8      | 5519 ||| STAIRDANCE
  5624 | D:8      | 5624 ||| RETREEEEATING.
  5632 | D:8      | 5632 ||| RETREEEEATING.
  5644 | D:8      | Reached ** piety under Okawaru
  5718 | D:8      | Reached skill level 9 in Ranged Weapons
  6259 | D:8      | 6259 ||| READING scroll of identify.
  6259 | D:8      | 6259 ||| IDENTIFYING smoky coppery potion
  6260 | D:8      | 6260 ||| READING scroll labelled MOIXKU MILIVA.
  6277 | D:9      | 6277 ||| RETREEEEATING.
  6278 | D:9      | 6278 ||| STAIRDANCE
  6305 | D:9      | 6305 ||| STAIRDANCE
  6308 | D:8      | Reached *** piety under Okawaru
  6359 | D:9      | 6359 ||| STAIRDANCE
  6393 | D:9      | 6393 ||| FLEEEEING.
  6394 | D:9      | 6394 ||| STAIRDANCE
  6423 | D:9      | 6423 ||| STAIRDANCE
  6608 | D:9      | 6608 ||| SWAPPING to +0 orcbow.
  6645 | D:9      | 6645 ||| DROPPING +3 shortbow of flaming.
  6796 | D:9      | Found the amulet of Elemental Vulnerability {rPois rF--
                  | rC-- AC+8}
  6825 | D:9      | 6825 ||| FLEEEEING.
  6826 | D:9      | 6826 ||| FLEEEEING.
  6827 | D:9      | 6827 ||| FLEEEEING.
  6828 | D:9      | 6828 ||| FLEEEEING.
  6829 | D:9      | 6829 ||| FLEEEEING.
  6830 | D:9      | 6830 ||| FLEEEEING.
  6831 | D:9      | 6831 ||| FLEEEEING.
  6832 | D:9      | 6832 ||| FLEEEEING.
  6833 | D:9      | 6833 ||| FLEEEEING.
  6834 | D:9      | 6834 ||| FLEEEEING.
  6835 | D:9      | 6835 ||| FLEEEEING.
  6836 | D:9      | 6836 ||| FLEEEEING.
  6837 | D:9      | 6837 ||| FLEEEEING.
  6838 | D:9      | 6838 ||| FLEEEEING.
  6839 | D:9      | 6839 ||| FLEEEEING.
  6840 | D:9      | 6840 ||| FLEEEEING.
  6845 | D:9      | HP: 16/75 [orc warrior/+0 battleaxe (13)]
  6846 | D:9      | 6846 ||| READING 4 scrolls of teleportation.
  6847 | D:9      | 6847 ||| DRINKING 2 potions of heal wounds.
  7045 | D:9      | Noticed a two-headed ogre
  7046 | D:9      | 7046 ||| INVOKING Heroism.
  7056 | D:9      | Killed a two-headed ogre
  7056 | D:9      | Reached **** piety under Okawaru
  7057 | D:9      | Reached skill level 9 in Dodging
  7057 | D:9      | Reached XP level 11. HP: 69/79 MP: 0/0
  7057 | D:9      | Learned a level 5 spell: Arcjolt
  7358 | D:9      | 7358 ||| UPGRADING to ring of protection from cold.
  7360 | D:9      | 7360 ||| UPGRADING to +0 steam dragon scales.
  7370 | D:9      | 7370 ||| READING 2 scrolls labelled HADISU MAUSS.
  7371 | D:9      | 7371 ||| DROPPING scroll of immolation.
  7387 | D:10     | Entered Level 10 of the Dungeon
  7398 | D:10     | Reached skill level 3 in Armour
  7510 | D:10     | 7510 ||| DRINKING 8 potions of curing.
  7510 | D:10     | 7510 ||| (to cure confusion)
  7512 | D:10     | 7512 ||| FLEEEEING.
  7513 | D:10     | 7513 ||| FLEEEEING.
  7514 | D:10     | 7514 ||| FLEEEEING.
  7515 | D:10     | 7515 ||| FLEEEEING.
  7516 | D:10     | 7516 ||| FLEEEEING.
  7517 | D:10     | 7517 ||| FLEEEEING.
  7518 | D:10     | 7518 ||| DRINKING 7 potions of curing.
  7518 | D:10     | 7518 ||| (to cure confusion)
  7520 | D:10     | 7520 ||| DRINKING 6 potions of curing.
  7520 | D:10     | 7520 ||| (to cure confusion)
  7543 | D:10     | 7543 ||| DRINKING 5 potions of curing.
  7543 | D:10     | 7543 ||| (to cure confusion)
  7603 | D:10     | Reached ***** piety under Okawaru
  7611 | D:10     | 7611 ||| RETREEEEATING.
  7612 | D:10     | 7612 ||| RETREEEEATING.
  7613 | D:10     | 7613 ||| RETREEEEATING.
  7614 | D:10     | 7614 ||| RETREEEEATING.
  7615 | D:10     | 7615 ||| RETREEEEATING.
  7616 | D:10     | 7616 ||| RETREEEEATING.
  7623 | D:10     | HP: 18/79 [killer bee (6)]
  7624 | D:10     | 7624 ||| READING 4 scrolls of teleportation.
  7625 | D:10     | 7625 ||| DRINKING potion of heal wounds.
  7629 | D:10     | 7629 ||| RETREEEEATING.
  7630 | D:10     | 7630 ||| RETREEEEATING.
  7631 | D:10     | 7631 ||| RETREEEEATING.
  7632 | D:10     | 7632 ||| RETREEEEATING.
  7637 | D:10     | HP: 13/79 [killer bee (7)]
  7638 | D:10     | 7638 ||| READING 3 scrolls of teleportation.
  7638 | D:10     | HP: 4/79 [killer bee (3)]
  7648 | D:10     | 7648 ||| READING 2 scrolls of teleportation.
  7651 | D:10     | Found an opulent altar of Gozag.
  7911 | D:10     | Received a gift from Okawaru
  7992 | D:10     | Reached skill level 6 in Invocations
  8264 | D:10     | 8264 ||| SWAPPING to +0 arbalest.
  8265 | D:10     | 8265 ||| DROPPING +0 orcbow.
  8274 | D:10     | 8274 ||| INVOKING Finesse.
  8453 | D:10     | Found a staircase to the Orcish Mines.
  8462 | D:10     | 8462 ||| UPGRADING to +2 hat.
  8467 | D:10     | 8467 ||| READING scroll of identify.
  8467 | D:10     | 8467 ||| IDENTIFYING clear potion
  8468 | D:10     | 8468 ||| DROPPING potion of lignification.
  8549 | D:11     | Noticed a boulder beetle
  8550 | D:11     | 8550 ||| INVOKING Finesse.
  8561 | D:11     | Killed a boulder beetle
  8747 | D:11     | Noticed a boulder beetle
  8748 | D:11     | 8748 ||| INVOKING Finesse.
  8768 | D:11     | Killed a boulder beetle
  8769 | D:11     | Reached skill level 10 in Ranged Weapons
  8816 | D:11     | Noticed a green ugly thing
  8817 | D:11     | 8817 ||| INVOKING Finesse.
  8827 | D:11     | Killed a green ugly thing
  8916 | D:11     | Noticed a manticore
  8917 | D:11     | 8917 ||| INVOKING Finesse.
  8926 | D:11     | Killed a manticore
  9421 | D:11     | Found a staircase to the Lair.
  9666 | D:11     | 9666 ||| PLANNING LAIR
  9666 | D:11     | 9666 ||| DRINKING 2 brown potions.
  9667 | D:11     | 9667 ||| DROPPING potion of attraction.
  9704 | Lair:1   | Entered Level 1 of the Lair of Beasts
  9708 | Lair:1   | Noticed an elephant
  9709 | Lair:1   | 9709 ||| INVOKING Finesse.
  9724 | Lair:1   | Killed an elephant
  9737 | Lair:1   | Reached XP level 12. HP: 64/86 MP: 0/0
  9865 | Lair:1   | 9865 ||| FLEEEEING.
  9881 | Lair:1   | Received a gift from Okawaru
  9923 | Lair:1   | 9923 ||| FLEEEEING.
  9924 | Lair:1   | 9924 ||| FLEEEEING.
  9925 | Lair:1   | 9925 ||| FLEEEEING.
  9926 | Lair:1   | 9926 ||| FLEEEEING.
  9927 | Lair:1   | 9927 ||| STAIRDANCE
 10129 | Lair:1   | Noticed Fannar
 10130 | Lair:1   | 10130 ||| INVOKING Finesse.
 10133 | Lair:1   | 10133 ||| FLEEEEING.
 10134 | Lair:1   | 10134 ||| FLEEEEING.
 10135 | Lair:1   | 10135 ||| FLEEEEING.
 10136 | Lair:1   | 10136 ||| FLEEEEING.
 10137 | Lair:1   | 10137 ||| FLEEEEING.
 10138 | Lair:1   | 10138 ||| FLEEEEING.
 10139 | Lair:1   | 10139 ||| FLEEEEING.
 10140 | Lair:1   | 10140 ||| FLEEEEING.
 10141 | Lair:1   | 10141 ||| FLEEEEING.
 10141 | Lair:1   | HP: 10/86 [Fannar/staff of cold (30)]
 10142 | Lair:1   | 10142 ||| READING scroll of teleportation.
 10143 | Lair:1   | 10143 ||| FLEEEEING.
 10144 | Lair:1   | 10144 ||| FLEEEEING.
 10145 | Lair:1   | 10145 ||| STAIRDANCE
 10397 | Lair:1   | 10397 ||| STAIRDANCE
 10465 | Lair:1   | 10465 ||| INVOKING Finesse.
 10474 | Lair:1   | 10474 ||| STAIRDANCE
 10477 | D:11     | HP: 19/86 [Fannar/staff of cold (31)]
 10480 | D:11     | Killed Fannar
 10481 | D:11     | Reached skill level 9 in Invocations
 10909 | Lair:1   | 10909 ||| READING scroll of enchant weapon.
 10909 | Lair:1   | 10909 ||| ENCHANTING +0 arbalest.
 10923 | Lair:1   | Noticed Urug
 10924 | Lair:1   | 10924 ||| ZAPPING wand of acid (9) at 1,-5 (Urug; floor).
 10925 | Lair:1   | 10925 ||| INVOKING Finesse.
 10933 | Lair:1   | Killed Urug
 11033 | Lair:1   | 11033 ||| RETREEEEATING.
 11048 | Lair:1   | Reached skill level 11 in Ranged Weapons
 11212 | Lair:1   | Noticed a catoblepas
 11214 | Lair:1   | 11214 ||| INVOKING Finesse.
 11215 | Lair:1   | 11215 ||| Stepping ~*~*~tactically~*~*~ (cloud).
 11225 | Lair:1   | 11225 ||| Stepping ~*~*~tactically~*~*~ (cloud).
 11226 | Lair:1   | 11226 ||| Stepping ~*~*~tactically~*~*~ (cloud).
 11229 | Lair:1   | Killed a catoblepas
 11433 | Lair:1   | Identified the +8 long sword of Dullness {spect, Int+3}
 11508 | Lair:1   | Received a gift from Okawaru
 11509 | Lair:1   | Reached skill level 9 in Fighting
 11885 | Lair:2   | Reached XP level 13. HP: 52/94 MP: 0/0
 11885 | Lair:2   | Learned a level 5 spell: Borgnjor's Vile Clutch
 12325 | Lair:2   | Found a hole to the Spider Nest.
 12734 | Lair:2   | 12734 ||| DRINKING potion of cancellation.
 12736 | Lair:2   | 12736 ||| RETREEEEATING.
 12750 | Lair:2   | HP: 22/94 [basilisk (5)]
 12756 | Lair:2   | HP: 18/94 [basilisk (4)]
 13006 | Lair:2   | Reached skill level 12 in Ranged Weapons
 13006 | Lair:2   | Received a gift from Okawaru
 13082 | Lair:2   | Noticed a seven-headed hydra
 13083 | Lair:2   | 13083 ||| RETREEEEATING.
 13085 | Lair:2   | 13085 ||| RETREEEEATING.
 13087 | Lair:2   | 13087 ||| RETREEEEATING.
 13088 | Lair:2   | 13088 ||| RETREEEEATING.
 13089 | Lair:2   | 13089 ||| RETREEEEATING.
 13091 | Lair:2   | 13091 ||| ZAPPING wand of acid (8) at -3,2 (seven-headed
                  | hydra; floor).
 13092 | Lair:2   | 13092 ||| ZAPPING wand of acid (7) at -2,1 (seven-headed
                  | hydra; floor).
 13093 | Lair:2   | 13093 ||| INVOKING Finesse.
 13096 | Lair:2   | Killed a seven-headed hydra
 13180 | Lair:2   | 13180 ||| FLEEEEING.
 13195 | Lair:2   | 13195 ||| FLEEEEING.
 13197 | Lair:2   | 13197 ||| FLEEEEING.
 13205 | Lair:2   | 13205 ||| INVOKING Finesse.
 13583 | Lair:2   | 13583 ||| RETREEEEATING.
 13585 | Lair:2   | 13585 ||| RETREEEEATING.
 13789 | Lair:2   | Noticed a six-headed hydra
 13789 | Lair:2   | Noticed an eight-headed hydra
 13790 | Lair:2   | 13790 ||| INVOKING Finesse.
 13793 | Lair:2   | Killed a six-headed hydra
 13805 | Lair:2   | HP: 21/96 [eight-headed hydra (7)]
 13806 | Lair:2   | 13806 ||| READING scroll of teleportation.
 13809 | Lair:2   | Killed an eight-headed hydra
 14212 | Lair:2   | 14212 ||| UPGRADING to ring of see invisible.
 14214 | Lair:2   | 14214 ||| UPGRADING to scarf of resistance.
 14224 | Lair:2   | 14224 ||| UPGRADING to ring of Cezom {rF+ Will- Int+4
                  | Dex+4}.
 14226 | Lair:2   | 14226 ||| READING scroll of identify.
 14226 | Lair:2   | 14226 ||| IDENTIFYING blue potion
 14354 | Lair:3   | Found a staircase to the Shoals.
 14596 | Lair:3   | 14596 ||| READING scroll of brand weapon.
 14596 | Lair:3   | 14596 ||| BRANDING +1 arbalest.
 14613 | Lair:3   | 14613 ||| INVOKING Finesse.
 14614 | Lair:3   | 14614 ||| INVOKING Heroism.
 15030 | Lair:3   | 15030 ||| READING scroll of identify.
 15030 | Lair:3   | 15030 ||| IDENTIFYING grey potion
 15079 | Lair:4   | Received a gift from Okawaru
 15174 | Lair:4   | Reached skill level 13 in Ranged Weapons
 15219 | Lair:4   | Reached XP level 14. HP: 103/103 MP: 0/0
 15234 | Lair:4   | 15234 ||| RETREEEEATING.
 15313 | Lair:4   | 15313 ||| RETREEEEATING.
 15317 | Lair:4   | 15317 ||| RETREEEEATING.
 15318 | Lair:4   | 15318 ||| RETREEEEATING.
 15319 | Lair:4   | 15319 ||| RETREEEEATING.
 15321 | Lair:4   | 15321 ||| RETREEEEATING.
 15322 | Lair:4   | 15322 ||| RETREEEEATING.
 15504 | Lair:4   | Reached skill level 12 in Dodging
 15774 | Lair:4   | 15774 ||| READING scroll labelled PEREFUIRRE.
 15925 | Lair:5   | Entered Level 5 of the Lair of Beasts
 15929 | Lair:5   | HP: 21/103 [eight-headed hydra (12)]
 15929 | Lair:5   | HP: 1/103 [eight-headed hydra (10)]
 15930 | Lair:5   | 15930 ||| READING scroll of teleportation.
 15931 | Lair:5   | 15931 ||| DRINKING 2 potions of heal wounds.
 15932 | Lair:5   | Received a gift from Okawaru
 16167 | Lair:5   | 16167 ||| RETREEEEATING.
 16169 | Lair:5   | 16169 ||| RETREEEEATING.
 16171 | Lair:5   | 16171 ||| RETREEEEATING.
 16174 | Lair:5   | 16174 ||| RETREEEEATING.
 16176 | Lair:5   | 16176 ||| RETREEEEATING.
 16177 | Lair:5   | 16177 ||| RETREEEEATING.
 16178 | Lair:5   | 16178 ||| INVOKING Finesse.
 16322 | Lair:5   | 16322 ||| RETREEEEATING.
 16591 | Lair:5   | Noticed a dire elephant
 16592 | Lair:5   | 16592 ||| INVOKING Finesse.
 16601 | Lair:5   | Killed a dire elephant
 16605 | Lair:5   | Received a gift from Okawaru
 16620 | Lair:5   | Reached skill level 14 in Ranged Weapons
 16662 | Lair:5   | Noticed Snorg
 16677 | Lair:5   | 16677 ||| RETREEEEATING.
 16678 | Lair:5   | 16678 ||| RETREEEEATING.
 16679 | Lair:5   | 16679 ||| RETREEEEATING.
 16680 | Lair:5   | 16680 ||| RETREEEEATING.
 16681 | Lair:5   | 16681 ||| RETREEEEATING.
 16682 | Lair:5   | 16682 ||| RETREEEEATING.
 16683 | Lair:5   | 16683 ||| RETREEEEATING.
 16684 | Lair:5   | 16684 ||| RETREEEEATING.
 16684 | Lair:5   | HP: 25/103 [wind drake/the air (8)]
 16685 | Lair:5   | 16685 ||| DRINKING 2 potions of heal wounds.
 16686 | Lair:5   | 16686 ||| INVOKING Finesse.
 16687 | Lair:5   | 16687 ||| DRINKING potion of heal wounds.
 16688 | Lair:5   | 16688 ||| INVOKING Heroism.
 16695 | Lair:5   | Killed Snorg
 16699 | Lair:5   | HP: 24/103 [wind drake/the air (3)]
 16700 | Lair:5   | HP: 10/103 [rock wall collision (14)]
 16704 | Lair:5   | Killed from afar by a wind drake

Levels and vault maps discovered:
D:1:      amcnicky_arrival_gap_in_the_tavern_cellar, layout_basic,
          minmay_fountain_box
D:2:      layout_basic, kennysheep_generic_room_15
D:3:      layout_rooms, mainiacjoe_overflow_surrounded_room,
          mainiacjoe_overflow_catwalk, lemuel_zombie_altar_yredelemnul,
          dreamdust_ecumenical_altar_hidden_monk_grotto
D:4:      layout_rooms, mainiacjoe_overflow_24_doors, kiku_gazebo_pond_becter,
          mainiacjoe_overflow_big_doors
D:5:      layout_rooms, uniq_edmund, uniq_grinder
D:6:      layout_basic, mainiacjoe_overflow_concentric_impassable,
          lemuel_tele_altar, minmay_temple_entry_water_ring, serial_shops,
          nicolae_shop_window_shopping, uniq_sigmund, uniq_menkaure
D:7:      layout_basic, mainiacjoe_overflow_alcove_2, elyvilon_altar_5,
          serial_shops, shop, uniq_maurice
D:8:      layout_loops_ring, minmay_ruffians
D:9:      layout_loops_ring
D:10:     layout_big_octagon, nicolae_overflow_crystal_walls, erik_orc_2
D:11:     layout_irregular_city, lair_entry_dummy
Temple:   nicolae_temple_bog_church
Lair:1:   layout_concentric_octagons, grunt_megastairs_2, uniq_urug, uniq_fannar
Lair:2:   nzn_winding_woodlands_stair_cross [nzn_winding_woodlands_5x15_eye,
          nzn_winding_woodlands_center_lodge,
          nzn_winding_woodlands_5x15_crooked,
          nzn_winding_woodlands_5x5_checkerboard,
          nzn_winding_woodlands_5x5_closed_star,
          nzn_winding_woodlands_5x15_zeroes,
          nzn_winding_woodlands_center_garden,
          nzn_winding_woodlands_5x15_twine], layout_loops_ring,
          spider_nest_entry_web_field
Lair:3:   layout_misc_corridors, minmay_shoals_entry_centaurs
Lair:4:   layout_roguey
Lair:5:   gammafunk_lair_ancient_temple, layout_regular_city, slime_entry_1,
          uniq_snorg

Skill      XL: |  1  2  3  4  5  6  7  8  9 10 11 12 13 14 |
---------------+-------------------------------------------+-----
Ranged Weapons | 4 5 6 7 8 9 10 11 13 14 | 14.0
Fighting       | 3 4 5 6 7 8 9 10 | 10.4
Armour         | 1 2 3 4 |  4.0
Dodging        | 3 5 7 9 10 11 12 | 12.0
Invocations    | 2 4 7 10 | 10.0
Stealth        | |  0.7

Action                     |  1- 3 |  4- 6 |  7- 9 | 10-12 | 13-15 || total
---------------------------+-------+-------+-------+-------+-------++-------
   Fire: Shortbow          |    77 |   193 |   168 |   148 |       ||   586
         Orcbow            |       |       |       |   270 |       ||   270
         Arbalest          |       |       |       |   314 |   462 ||   776
 Invoke: Heroism           |       |       |     2 |     1 |     2 ||     5
         Finesse           |       |       |       |    10 |     7 ||    17
  Evoke: Wand              |       |       |     5 |     1 |     2 ||     8
    Use: Scroll            |     5 |    10 |     3 |    12 |     6 ||    36
         Potion            |       |       |     4 |     8 |     4 ||    16
 Armour: Leather armour    |    16 |    10 |       |       |       ||    26
         Ring mail         |       |    54 |    60 |       |       ||   114
         Robe              |       |       |    11 |    67 |       ||    78
         Steam dragon scal |       |       |       |   224 |   200 ||   424
  Dodge: Dodged            |    32 |    62 |    67 |   565 |   386 ||  1112

Table legend:
 A = Non-vault XP
 B = Vault XP
 C = Vault XP percentage of total XP
 D = Non-vault monster count
 E = Vault monster count
 F = Vault count percentage of total count
                 A         B        C        D         E       F
            +---------+---------+-------+---------+---------+-------
      Total |   35278 |   23824 |  40.3 |     275 |      89 |  24.5
            +---------+---------+-------+---------+---------+-------
        D:1 |      49 |       0 |   0.0 |      29 |       0 |   0.0
        D:2 |      52 |       1 |   1.9 |      17 |       1 |   5.6
        D:3 |      47 |       2 |   4.1 |      15 |       2 |  11.8
        D:4 |     211 |       0 |   0.0 |      21 |       0 |   0.0
        D:5 |     616 |     277 |  31.0 |      16 |       1 |   5.9
        D:6 |    1012 |     389 |  27.8 |      16 |       2 |  11.1
        D:7 |     807 |     525 |  39.4 |      16 |       1 |   5.9
        D:8 |    1275 |    1013 |  44.3 |      19 |       5 |  20.8
        D:9 |    1811 |       0 |   0.0 |      19 |       0 |   0.0
       D:10 |    1768 |     798 |  31.1 |      19 |      20 |  51.3
       D:11 |    3602 |     883 |  19.7 |      11 |       1 |   8.3
     Lair:1 |    9042 |    1870 |  17.1 |      24 |       5 |  17.2
     Lair:2 |    3846 |   12324 |  76.2 |      12 |      36 |  75.0
     Lair:3 |    1197 |     336 |  21.9 |       4 |       3 |  42.9
     Lair:4 |    5698 |       0 |   0.0 |      23 |       0 |   0.0
     Lair:5 |    4245 |    5406 |  56.0 |      14 |      12 |  46.2
            +---------+---------+-------+---------+---------+-------
